AoeStats
← kimbo

MegaRandom

509191170Analyzed
2v2 RM · 7d ago on Sep 25, 2026· 38m 57s· 4 players
Game mode
Random Map
Map size
Medium (4 player)
Population
200
Speed
Normal
Resources
Standard
Victory
Conquest
Starting age
Dark Age
Ending age
Imperial Age
RankedLock teamsTeams togetherTeam positionsShared explorationLock speedFull tech treeHidden civsTurbo modeCheats
Victory
Defeat
🇦🇷 Tupi · Argentina
1335
+17
🇦🇷 Persians · Argentina
1319
+17
🇨🇦 Mongols · Canada
1388
-19
🇦🇺 Britons · Australia
1309
-15
Rayno
0:28 Loom
10:38 Feudal Age
15:38 Castle Age
15:09 Fletching
16:03 Crossbowman
22:11 Wheelbarrow
23:20 Bodkin Arrow
30:31 Hand Cart
31:05 Padded Archer Armor
Jaha
8:34 Feudal Age
13:49 Loom
14:22 Scale Barding Armor
15:20 Fishing Lines
17:24 Forging
17:19 Horse Collar
19:24 Double-Bit Axe
22:05 Castle Age
21:21 Town Watch
23:00 Wheelbarrow
24:43 Husbandry
24:13 Pikeman
27:31 Gillnets
30:01 Wheelbarrow
33:46 Ballistics
36:40 Imperial Age
35:21 Fortified Wall
36:34 Chain Barding Armor
36:45 Capped Ram
39:15 Chemistry
39:32 Bloodlines
39:46 Drill
kimbo
10:40 Feudal Age
11:29 Loom
14:42 Castle Age
14:50 Double-Bit Axe
19:07 Fletching
24:03 Bodkin Arrow
26:49 Horse Collar
29:22 Padded Archer Armor
32:19 Ballistics
32:58 Leather Archer Armor
41:15 Imperial Age
Pingocho
8:20 Feudal Age
8:43 Loom
8:59 Double-Bit Axe
19:21 Castle Age
18:29 Scale Barding Armor
18:35 Bloodlines
18:18 Gold Mining
18:17 Horse Collar
19:02 Forging
20:26 Chain Barding Armor
23:03 Husbandry
24:34 Wheelbarrow
29:37 Gold Shaft Mining
31:46 Stone Mining
35:47 Imperial Age
34:30 Heavy Plow
34:47 Hand Cart
36:41 Plate Barding Armor
35:27 Cavalier
38:46 Iron Casting
38:57 Conscription
38:19 Savar
Connection lost

Rejoining the realm…

Still unreachable

The connection could not be restored.

Session expired

The server has moved on; the page needs a fresh start.